TOP OF THE 1ST |
Athletic Club KC Academy batting - Pitching for San Antonio BC : LHP Ramón Negrón
|
Pitching: LHP Ramón Negrón
|
|
Batting: RHB Gabriel Martínez
|
0-0: Ball 1-0: Ground out 6-3 (Groundball, 4M, EV 85.6 MPH)
|
Batting: RHB Donald Guegan
|
0-0: Called Strike 0-1: Foul Ball, location: 2F 0-2: Foul Ball, location: 2F 0-2: Ball 1-2: Ball 2-2: Foul Ball, location: 2F 2-2: Strikes out looking
|
Batting: RHB Ali Ben Bongo
|
0-0: Called Strike 0-1: Called Strike 0-2: Ball 1-2: Ground out 6-3 (Groundball, 6, EV 90.6 MPH)
|
Top of the 1st over - 0 runs, 0 hits, 0 errors, 0 left on base; Athletic Club KC Academy 0 - San Antonio 0 |
BOTTOM OF THE 1ST |
San Antonio BC batting - Pitching for Athletic Club KC Academy : RHP Jorge Moreno
|
Pitching: RHP Jorge Moreno
|
|
Batting: RHB Kamakakoa Kaponianani
|
0-0: Ball 1-0: Called Strike 1-1: Fly out, F6 (Flyball, 56D, EV 83.1 MPH)
|
Batting: RHB Francisco Ortíz
|
0-0: Ball 1-0: Fly out, F6 (Popup, 6, EV 60.6 MPH)
|
Batting: LHB Armando Viña
|
0-0: Called Strike 0-1: Called Strike 0-2: Ball 1-2: Ball 2-2: Strikes out swinging
|
Bottom of the 1st over - 0 runs, 0 hits, 0 errors, 0 left on base; Athletic Club KC Academy 0 - San Antonio 0 |
TOP OF THE 2ND |
Athletic Club KC Academy batting - Pitching for San Antonio BC : LHP Ramón Negrón
|
Batting: RHB Woody Thomas
|
0-0: Ball 1-0: Ball 2-0: Called Strike 2-1: Ball 3-1: Base on Balls
|
Batting: RHB Rodrigo Sousa
|
0-0: Called Strike 0-1: Ball 1-1: Swinging Strike 1-2: Strikes out swinging
|
Batting: LHB León Guillén
|
0-0: Ball 1-0: Foul Ball, location: 2F 1-1: Ball 2-1: Ball 3-1: Foul Ball, location: 2F 3-2: Fly out, F8 (Flyball, 78S, EV 86.2 MPH)
|
Batting: RHB Kalikiano Keiki
|
0-0: Ball 1-0: Swinging Strike 1-1: Foul Ball, location: 2F 1-2: SINGLE (Line Drive, 89S, EV 90.6 MPH) Woody Thomas to second Runner from 2nd tries for 3rd, SAFE, no throw by RF
|
Batting: LHB Oriol Fernández
|
0-0: Called Strike 0-1: Called Strike 0-2: Ball 1-2: Ball 2-2: Ball 3-2: Strikes out looking
|
Top of the 2nd over - 0 runs, 1 hit, 0 errors, 2 left on base; Athletic Club KC Academy 0 - San Antonio 0 |
BOTTOM OF THE 2ND |
San Antonio BC batting - Pitching for Athletic Club KC Academy : RHP Jorge Moreno
|
Batting: SHB Fergus Stidston
|
0-0: Ball 1-0: Ball 2-0: Ball 3-0: Called Strike 3-1: Base on Balls
|
Batting: RHB Tong-sik Im
|
0-0: Ball Fergus Stidston steals 2nd base 1-0: Called Strike Fergus Stidston steals 3rd base 1-1: Foul Ball, location: 2F 1-2: Ball 2-2: Ball 3-2: SINGLE (Line Drive, 56D, EV 103.8 MPH) Fergus Stidston scores
|
Batting: SHB Roy Snider
|
0-0: Foul Ball, location: 2F 0-1: Swinging Strike 0-2: Ball 1-2: Strikes out swinging
|
Batting: RHB George Towns
|
0-0: Called Strike 0-1: Foul Ball, location: 2F 0-2: Fly out, F1 (Line Drive, P, EV 69.4 MPH)
|
Batting: SHB Dong-hua Jianbua
|
0-0: Ball Tong-sik Im steals 2nd base 1-0: Ball 2-0: Ground out 1-3 (Groundball, 13S, EV 69.4 MPH)
|
Bottom of the 2nd over - 1 run, 1 hit, 0 errors, 1 left on base; Athletic Club KC Academy 0 - San Antonio 1 |
TOP OF THE 3RD |
Athletic Club KC Academy batting - Pitching for San Antonio BC : LHP Ramón Negrón
|
Batting: RHB Jorge Ávila
|
0-0: Fly out, F9 (Flyball, 89D, EV 88.1 MPH)
|
Batting: RHB Gabriel Martínez
|
0-0: Called Strike 0-1: Called Strike 0-2: Ball 1-2: Ball 2-2: Strikes out swinging
|
Batting: RHB Donald Guegan
|
0-0: Called Strike 0-1: Ball 1-1: Ball 2-1: Ball 3-1: TRIPLE (Line Drive, 89XD, EV 111.2 MPH)
|
Batting: RHB Ali Ben Bongo
|
0-0: Called Strike 0-1: Ball 1-1: Ball 2-1: Foul Ball, location: 2F 2-2: Ball 3-2: Base on Balls
|
Batting: RHB Woody Thomas
|
0-0: Ball Ali Ben Bongo is caught stealing 2nd base 2-4
|
Top of the 3rd over - 0 runs, 1 hit, 0 errors, 1 left on base; Athletic Club KC Academy 0 - San Antonio 1 |
BOTTOM OF THE 3RD |
San Antonio BC batting - Pitching for Athletic Club KC Academy : RHP Jorge Moreno
|
Batting: RHB De-wei Mo
|
0-0: Ball 1-0: Swinging Strike 1-1: Called Strike 1-2: Strikes out swinging
|
Batting: RHB Kamakakoa Kaponianani
|
0-0: Ball 1-0: Ground out 1-3 (Groundball, 34S, EV 86.9 MPH)
|
Batting: RHB Francisco Ortíz
|
0-0: Called Strike 0-1: Called Strike 0-2: Ball 1-2: Strikes out swinging
|
Bottom of the 3rd over - 0 runs, 0 hits, 0 errors, 0 left on base; Athletic Club KC Academy 0 - San Antonio 1 |
TOP OF THE 4TH |
Athletic Club KC Academy batting - Pitching for San Antonio BC : LHP Ramón Negrón
|
Batting: RHB Woody Thomas
|
0-0: Ball 1-0: Ball 2-0: Foul Ball, location: 2F 2-1: Ball 3-1: Base on Balls
|
Batting: RHB Rodrigo Sousa
|
0-0: Ball 1-0: Called Strike 1-1: Swinging Strike 1-2: Strikes out swinging
|
Batting: LHB León Guillén
|
0-0: Called Strike Woody Thomas steals 2nd base 0-1: Ball 1-1: Ball 2-1: Called Strike 2-2: Ball 3-2: Foul Ball, location: 2F 3-2: Base on Balls
|
Batting: RHB Kalikiano Keiki
|
0-0: Ball 1-0: Ball 2-0: Called Strike 2-1: Ball 3-1: Swinging Strike 3-2: Foul Ball, location: 2F 3-2: Foul Ball, location: 2F 3-2: Foul Ball, location: 2F 3-2: Base on Balls Woody Thomas to third León Guillén to second
|
Batting: LHB Oriol Fernández
|
0-0: Swinging Strike 0-1: Ball 1-1: Ball 2-1: Foul Ball, location: 2F 2-2: Foul Ball, location: 2F 2-2: Strikes out looking
|
Batting: RHB Jorge Ávila
|
0-0: Swinging Strike 0-1: Ball 1-1: Ball 2-1: Called Strike 2-2: Strikes out swinging
|
Top of the 4th over - 0 runs, 0 hits, 0 errors, 3 left on base; Athletic Club KC Academy 0 - San Antonio 1 |
BOTTOM OF THE 4TH |
San Antonio BC batting - Pitching for Athletic Club KC Academy : RHP Jorge Moreno
|
Batting: LHB Armando Viña
|
0-0: Ground out U3 (Groundball, 3S, EV 78.8 MPH)
|
Batting: SHB Fergus Stidston
|
0-0: Ground out U3 (Groundball, 34S, EV 86.9 MPH)
|
Batting: RHB Tong-sik Im
|
0-0: Ball 1-0: Called Strike 1-1: DOUBLE (Line Drive, 9LM, EV 105.0 MPH)
|
Batting: SHB Roy Snider
|
0-0: Swinging Strike 0-1: Swinging Strike 0-2: Foul Ball, location: 2F 0-2: Foul Ball, location: 2F 0-2: Strikes out swinging
|
Bottom of the 4th over - 0 runs, 1 hit, 0 errors, 1 left on base; Athletic Club KC Academy 0 - San Antonio 1 |
TOP OF THE 5TH |
Athletic Club KC Academy batting - Pitching for San Antonio BC : LHP Ramón Negrón
|
Batting: RHB Gabriel Martínez
|
0-0: Ground out 5-3 (Groundball, 5, EV 85.0 MPH)
|
Batting: RHB Donald Guegan
|
0-0: Foul Ball, location: 2F 0-1: Ball 1-1: Foul Ball, location: 2F 1-2: Ball 2-2: Foul Ball, location: 2F 2-2: Fly out, F9 (Flyball, 89S, EV 83.1 MPH)
|
Batting: RHB Ali Ben Bongo
|
0-0: Ball 1-0: Reached on error, E1 (Groundball, 34S, EV 67.5 MPH)
|
Batting: RHB Woody Thomas
|
0-0: Called Strike Ali Ben Bongo is caught stealing 2nd base 2-4
|
Top of the 5th over - 0 runs, 0 hits, 1 error, 0 left on base; Athletic Club KC Academy 0 - San Antonio 1 |
BOTTOM OF THE 5TH |
San Antonio BC batting - Pitching for Athletic Club KC Academy : RHP Jorge Moreno
|
Batting: RHB George Towns
|
0-0: Foul Ball, location: 2F 0-1: Ball 1-1: Foul Ball, location: 2F 1-2: Fly out, F8 (Flyball, 89S, EV 89.4 MPH)
|
Batting: SHB Dong-hua Jianbua
|
0-0: Ball 1-0: Ball 2-0: Called Strike 2-1: Foul Ball, location: 2F 2-2: Ball 3-2: Fly out, F7 (Flyball, 78S, EV 87.5 MPH)
|
Batting: RHB De-wei Mo
|
0-0: Ball 1-0: Ball 2-0: DOUBLE (Line Drive, 3D, EV 96.2 MPH)
|
Batting: RHB Kamakakoa Kaponianani
|
0-0: Called Strike 0-1: Ball 1-1: Ball 2-1: Swinging Strike 2-2: Foul Ball, location: 2F 2-2: DOUBLE (Line Drive, 9LS, EV 109.4 MPH) De-wei Mo scores
|
Batting: RHB Francisco Ortíz
|
0-0: Foul Ball, location: 2F 0-1: Fly out, F8 (Flyball, 8LD, EV 91.2 MPH)
|
Bottom of the 5th over - 1 run, 2 hits, 0 errors, 1 left on base; Athletic Club KC Academy 0 - San Antonio 2 |
TOP OF THE 6TH |
Athletic Club KC Academy batting - Pitching for San Antonio BC : LHP Ramón Negrón
|
Pitching: RHP Lou Cain
|
|
Batting: RHB Woody Thomas
|
0-0: Ball 1-0: Ball 2-0: Fly out, F3 (Popup, 23F, EV 80.6 MPH)
|
Batting: RHB Rodrigo Sousa
|
0-0: Ball 1-0: Called Strike 1-1: SINGLE (Groundball, 6D, EV 98.1 MPH)
|
Batting: LHB León Guillén
|
0-0: Ground out 4-3 (Groundball, 4, EV 98.8 MPH) Rodrigo Sousa to second
|
Batting: RHB Kalikiano Keiki
|
0-0: Foul Ball, location: 2F 0-1: Fly out, F9 (Line Drive, 9D, EV 94.4 MPH)
|
Top of the 6th over - 0 runs, 1 hit, 0 errors, 1 left on base; Athletic Club KC Academy 0 - San Antonio 2 |
BOTTOM OF THE 6TH |
San Antonio BC batting - Pitching for Athletic Club KC Academy : RHP Jorge Moreno
|
Batting: LHB Armando Viña
|
0-0: Ball 1-0: SOLO HOME RUN (Flyball, 89XD, EV 99.4 MPH), Distance : 411 ft
|
Batting: SHB Fergus Stidston
|
0-0: Called Strike 0-1: Called Strike 0-2: Foul Ball, location: 2F 0-2: SINGLE (Line Drive, 4MD, EV 98.8 MPH)
|
Batting: RHB Tong-sik Im
|
0-0: Called Strike 0-1: Ball 1-1: Ball 2-1: Grounds into double play, 5-4-3 (Groundball, 5, EV 107.5 MPH)
|
Batting: SHB Roy Snider
|
0-0: Ball 1-0: Foul Ball, location: 2F 1-1: Ball 2-1: Ground out 4-3 (Groundball, 34, EV 105.0 MPH)
|
Bottom of the 6th over - 1 run, 2 hits, 0 errors, 0 left on base; Athletic Club KC Academy 0 - San Antonio 3 |
TOP OF THE 7TH |
Athletic Club KC Academy batting - Pitching for San Antonio BC : RHP Lou Cain
|
Batting: LHB Oriol Fernández
|
0-0: Ball 1-0: Ball 2-0: Called Strike 2-1: DOUBLE (Line Drive, 9LS, EV 105.0 MPH)
|
Batting: RHB Jorge Ávila
|
0-0: Ball 1-0: Ball 2-0: Foul Ball, location: 2F 2-1: Foul Ball, location: 2F 2-2: Foul Ball, location: 2F 2-2: Fly out, F6 (Line Drive, 6, EV 65.6 MPH)
|
Batting: RHB Gabriel Martínez
|
0-0: Ball 1-0: Ball 2-0: Foul Ball, location: 2F 2-1: Foul Ball, location: 2F 2-2: Ground out 4-3 (Groundball, 4, EV 104.4 MPH) Oriol Fernández to third
|
Batting: RHB Donald Guegan
|
0-0: Ball 1-0: Called Strike 1-1: Ball 2-1: Foul Ball, location: 2F 2-2: DOUBLE (Flyball, 89D, EV 99.4 MPH) Oriol Fernández scores
|
Batting: RHB Ali Ben Bongo
|
0-0: Ball 1-0: Ball 2-0: Ball 3-0: Called Strike 3-1: Foul Ball, location: 2F 3-2: Fly out, F9 (Flyball, 9, EV 90.6 MPH)
|
Top of the 7th over - 1 run, 2 hits, 0 errors, 1 left on base; Athletic Club KC Academy 1 - San Antonio 3 |
BOTTOM OF THE 7TH |
San Antonio BC batting - Pitching for Athletic Club KC Academy : RHP Jorge Moreno
|
Batting: RHB George Towns
|
0-0: Swinging Strike 0-1: Swinging Strike 0-2: Ball 1-2: Strikes out swinging
|
Batting: SHB Dong-hua Jianbua
|
0-0: Ball 1-0: Ball 2-0: Ball 3-0: Called Strike 3-1: Called Strike 3-2: Strikes out looking
|
Batting: RHB De-wei Mo
|
0-0: Ball 1-0: Ball 2-0: Foul Ball, location: 2F 2-1: Ground out 6-3 (Groundball, 6, EV 106.2 MPH)
|
Bottom of the 7th over - 0 runs, 0 hits, 0 errors, 0 left on base; Athletic Club KC Academy 1 - San Antonio 3 |
TOP OF THE 8TH |
Athletic Club KC Academy batting - Pitching for San Antonio BC : RHP Lou Cain
|
Batting: RHB Woody Thomas
|
0-0: Ball 1-0: Ball 2-0: Swinging Strike 2-1: Ball 3-1: SINGLE (Groundball, 25, EV 67.5 MPH) (infield hit)
|
Batting: RHB Rodrigo Sousa
|
0-0: Ball 1-0: Foul Ball, location: 2F 1-1: Foul Ball, location: 2F 1-2: Ball 2-2: DOUBLE (Flyball, 8LXD, EV 97.5 MPH) Woody Thomas to third
|
Pitching: RHP Rutland Stones
|
|
Batting: LHB León Guillén
|
0-0: Foul Ball, location: 2F 0-1: Swinging Strike 0-2: SINGLE (Line Drive, 4D, EV 101.2 MPH) Woody Thomas scores Rodrigo Sousa to third Runner from 3rd tries for Home, SAFE, no throw by RF
|
Batting: RHB Kalikiano Keiki
|
0-0: Called Strike 0-1: Ball 1-1: Ball 2-1: Ball 3-1: Foul Ball, location: 2F 3-2: Strikes out swinging
|
Batting: LHB Oriol Fernández
|
0-0: Called Strike 0-1: Ball 1-1: Called Strike 1-2: Foul Ball, location: 2F 1-2: Foul Ball, location: 2F 1-2: Strikes out swinging
|
Batting: RHB Jorge Ávila
|
0-0: Called Strike 0-1: Foul Ball, location: 2F 0-2: Strikes out swinging
|
Top of the 8th over - 2 runs, 3 hits, 0 errors, 1 left on base; Athletic Club KC Academy 3 - San Antonio 3 |
BOTTOM OF THE 8TH |
San Antonio BC batting - Pitching for Athletic Club KC Academy : RHP Jorge Moreno
|
Batting: RHB Kamakakoa Kaponianani
|
0-0: Swinging Strike 0-1: Foul Ball, location: 2F 0-2: Ball 1-2: Foul Ball, location: 2F 1-2: Fly out, F8 (Flyball, 8LD, EV 95.0 MPH)
|
Batting: RHB Francisco Ortíz
|
0-0: Swinging Strike 0-1: Swinging Strike 0-2: Hit by Pitch
|
Pitching: LHP Justin Wright
|
|
Batting: LHB Armando Viña
|
0-0: Ball 1-0: Fielders Choice at 2nd, 5-4 (Groundball, 56, EV 95.6 MPH)
|
Batting: SHB Fergus Stidston
|
0-0: Ball 1-0: Fly out, F7 (Flyball, 7LS, EV 98.8 MPH)
|
Bottom of the 8th over - 0 runs, 0 hits, 0 errors, 1 left on base; Athletic Club KC Academy 3 - San Antonio 3 |
TOP OF THE 9TH |
Athletic Club KC Academy batting - Pitching for San Antonio BC : RHP Rutland Stones
|
Batting: RHB Gabriel Martínez
|
0-0: Swinging Strike 0-1: SINGLE (Flyball, 9S, EV 91.2 MPH)
|
Batting: RHB Donald Guegan
|
0-0: Sac Bunt to 15 - play at first, batter OUT! 1-4 Gabriel Martínez to second
|
Batting: RHB Ali Ben Bongo
|
0-0: Intentional Walk
|
Batting: RHB Woody Thomas
|
0-0: Ball 1-0: Ball Gabriel Martínez steals 3rd base 2-0: Ball 3-0: Called Strike 3-1: Base on Balls Ali Ben Bongo to second
|
Batting: RHB Rodrigo Sousa
|
0-0: Called Strike 0-1: Ball 1-1: Foul Ball, location: 2F 1-2: Ball 2-2: Foul Ball, location: 2F 2-2: Foul Ball, location: 2F 2-2: Fly out, F8 (Flyball, 8LD, EV 90.6 MPH) Runner from 3rd tags up, SCORES, throw by CF
|
Batting: LHB León Guillén
|
0-0: Ball 1-0: Ground out 4-3 (Groundball, 4, EV 79.4 MPH)
|
Top of the 9th over - 1 run, 1 hit, 0 errors, 2 left on base; Athletic Club KC Academy 4 - San Antonio 3 |
BOTTOM OF THE 9TH |
San Antonio BC batting - Pitching for Athletic Club KC Academy : LHP Justin Wright
|
Pitching: LHP Indigo Diaz
|
|
Batting: RHB Tong-sik Im
|
0-0: Ground out U3 (Groundball, 3, EV 103.8 MPH)
|
Pinch Hitting: RHB Alfonso Torres
|
0-0: Called Strike 0-1: Fly out, F9 (Flyball, 9S, EV 89.4 MPH)
|
Batting: RHB George Towns
|
0-0: Called Strike 0-1: SINGLE (Line Drive, 3D, EV 95.6 MPH)
|
Batting: SHB Dong-hua Jianbua
|
0-0: Ground out 6-3 (Groundball, 56S, EV 85.6 MPH)
|
Bottom of the 9th over - 0 runs, 1 hit, 0 errors, 1 left on base; Athletic Club KC Academy 4 - San Antonio 3 |
|